 Dungeon Crawl Stone Soup version 0.32-a0-30-gefbe487952 (webtiles) character file.

Game seed: 13124811579489937305

2346 Sp3rw3r the Cleaver (level 9, -2/79 HPs)
             Began as a Minotaur Fighter on Jan 19, 2024.
             Was a Believer of Qazlal.
             Slain by a water moccasin (4 damage)
             ... while paralysed by a hornet
             ... on level 9 of the Dungeon.
             The game lasted 00:35:07 (6880 turns).

Sp3rw3r the Cleaver (Minotaur Fighter)              Turns: 6880, Time: 00:35:09

Health: -2/79      AC: 16    Str: 25    XL:     9   Next: 20%
Magic:  8/8        EV:  2    Int:  5    God:    Qazlal [**....]
Gold:   423        SH:  0    Dex: 10    Spells: 8/8 levels left

rFire   . . .        B - +1 broad axe
rCold   . . .        f - +3 tower shield
rNeg    . . .        z - +0 chain mail
rPois   .            (helmet restricted)
rElec   .            d - +0 cloak
rCorr   .            x - +0 pair of gloves
SInv    +            g - +2 pair of boots
Will    .....        (no amulet) Stlth
                     h - ring of see invisible
HPRegen 0.33/turn    (no ring)
MPRegen 0.11/turn

%: no passive effects
@: confused, paralysed, mighty, slowed
A: horns 2, retaliatory headbutt
a: Renounce Religion, Upheaval


You were on level 9 of the Dungeon.
You worshipped Qazlal.
Qazlal was pleased with you.
You visited 1 branch of the dungeon, and saw 9 of its levels.

You collected 423 gold pieces.

Inventory:

Hand Weapons
 c - the +9 rapier of Greed {drain, rPois rN++ Str-2 Dex+3}
   (You found it on level 6 of the Dungeon)

   Str-2:     It affects your strength (-2).
   Dex+3:     It affects your dexterity (+3).
   rPois:     It protects you from poison rN++: It greatly protects you from
   negative energy.
 y - a +0 battleaxe
 B - a +1 broad axe (weapon)
Missiles
 q - 23 poisoned darts
 r - 2 throwing nets (quivered)
 A - 6 boomerangs
Armour
 d - a +0 cloak (worn)
 f - a +3 tower shield (worn)
 g - a +2 pair of boots (worn)
 x - a +0 pair of gloves (worn)
 z - a +0 chain mail (worn)
Jewellery
 h - a ring of see invisible (left hand)
 m - an amulet of faith
Wands
 u - a wand of charming (12)
Scrolls
 a - a scroll of fog
 b - 2 scrolls of blinking
 o - 2 scrolls of teleportation
 p - a scroll of fear
Potions
 e - 3 potions of degeneration
 i - 2 potions of brilliance
 j - a potion of curing
 k - a potion of invisibility
 l - a potion of mutation
 n - a potion of ambrosia
 s - 3 potions of berserk rage
 t - a potion of haste
 C - a potion of lignification


   Skills:
 + Level 7.1 Fighting
 + Level 10.5 Axes
 - Level 0.4 Throwing
 - Level 6.0 Armour
 - Level 2.0 Dodging
 - Level 0.2 Stealth
 + Level 7.5 Shields


You had 8 spell levels left.
You didn't know any spells.
Your spell library contained the following spells:

 Spells                   Type           Power      Damage    Failure   Level
 Sting                    Conj/Alch      0%         1d3       100%        1
 Cigotuvi's Dreadful Rot  Necr/Alch/Air  0%         N/A       100%        2
 Ensorcelled Hibernation  Hex/Ice        0%         N/A       100%        2
 Mercury Vapours          Alch/Air       0%         N/A       100%        2
 Passwall                 Erth           0%         N/A       100%        3
 Swiftness                Air            0%         N/A       100%        3
 Ignite Poison            Fire/Alch      0%         N/A       100%        4
 Olgreb's Toxic Radiance  Alch           0%         N/A       100%        4
 Summon Blazeheart Golem  Fire/Summ      0%         N/A       100%        4
 Freezing Cloud           Conj/Ice/Air   0%         6-21      100%        5
 Orb of Destruction       Conj           0%         9d5       100%        7
 Spellforged Servitor     Conj/Summ      0%         N/A       100%        7


Dungeon Overview and Level Annotations

Branches:
Dungeon (9/15)             Temple (0/1) D:5            Lair (0/5) D:8
    Orc: D:9-12

Altars:
Cheibriados
Elyvilon
Gozag
Okawaru
Qazlal
Ru
Sif Muna
Wu Jian
Zin

Annotations:
D:3 3 runed translucent doors, ArtD's ghost, amateur KoBr; Ge0ff's ghost, amateur MfRe; Pascal76's ghost, weakling MiFi; chipmonk's ghost, amateur GrEE; hattey's ghost, amateur HuWn
D:6 5 runed translucent doors


Innate Abilities, Weirdness & Mutations

You have a pair of horns on your head.
You reflexively headbutt those who attack you in melee.


Message History

The vampire casts a spell at you. You resist with some effort.
You feel better. You block the water moccasin's attack.
You block the hornet's attack.
The water moccasin bites you but does no damage.
You block the hornet's attack. You block the vampire's attack.
The vampire barely misses you.
You feel very mighty all of a sudden. You block the water moccasin's attack.
You block the hornet's attack.
The vampire gestures at you while chanting.
You are confused.
The water moccasin bites you but does no damage.
The hornet stings you!
You feel as though you will be slow longer.
The vampire hits you!
* * * LOW HITPOINT WARNING * * *
The vampire bites you but does no damage.
You feel much better. The hornet stings you.
You feel as though you will be slow longer.
The water moccasin bites you but does no damage.
The hornet stings you!
You suddenly lose the ability to move!
The water moccasin bites you but does no damage.
The gnoll sergeant hits you but does no damage.
The vampire hits you but does no damage.
The vampire completely misses you.
A gnoll comes into view. It is wielding a +0 flail.
The hornet stings you.
You shrug off the repeated paralysis!
The gnoll shouts!
You hear a shout! x2
The water moccasin barely misses you. The hornet stings you!
* * * LOW HITPOINT WARNING * * *
You feel as though you will be slow longer.
The gnoll sergeant hits you from afar with a +0 spear.
* * * LOW HITPOINT WARNING * * *
The vampire hits you.
* * * LOW HITPOINT WARNING * * *
The vampire bites you.
* * * LOW HITPOINT WARNING * * *
The vampire draws strength from your injuries!
The water moccasin bites you.
You die...

#...# ###++#.# #...#
###......# #..[# #
.........# +...# .#
.........# #...####..#
.........# #..........
.........#####...S......
...............○@Vg.....
.................y....g.
#######'#####...########
............#...#
............#...#
............#...#
............#...#
............#...#
####'#####+##...+


You could see a hornet, a vampire (invisible), a water moccasin, a gnoll
sergeant and a gnoll.

Vanquished Creatures
  Sigmund (D:2)
  A water moccasin (D:7)
  An orc warrior (D:8)
  An ogre (D:5)
  2 centaurs
  A kobold brigand (D:7)
  3 bullfrogs
  A gnoll sergeant (D:6)
  3 scorpions
  4 wights (D:7)
  3 bombardier beetles
  A hound (D:6)
  3 jellies
  5 orc priests
  Crazy Yiuf (D:2)
  A sleepcap (D:6)
  Jessica (D:2)
  6 iguanas
  5 orc wizards
  Robin (D:3)
  12 gnolls
  4 adders
  A white imp (D:7)
  4 dart slugs
  26 orcs
  6 endoplasms
  6 goblins
  8 hobgoblins
  4 jackals
  10 kobolds
  6 quokkas
  10 ball pythons
  4 bats
  2 frilled lizards
  7 rats
155 creatures vanquished.

Vanquished Creatures (others)
  An orc wizard (D:8)
1 creature vanquished.

Grand Total: 156 creatures vanquished

Notes
Turn   | Place    | Note
-------+----------+-------------------------------------------
     0 | D:1      | Sp3rw3r the Minotaur Fighter began the quest for the Orb.
     0 | D:1      | Reached XP level 1. HP: 19/19 MP: 0/0
   326 | D:1      | Reached XP level 2. HP: 25/27 MP: 1/1
   589 | D:2      | Noticed Sigmund
   594 | D:2      | Killed Sigmund
   595 | D:2      | Reached skill level 3 in Axes
   595 | D:2      | Reached XP level 3. HP: 35/35 MP: 2/2
   595 | D:2      | Reached XP level 4. HP: 41/41 MP: 3/3
   595 | D:2      | Reached XP level 5. HP: 47/47 MP: 4/4
   635 | D:2      | Found a runed translucent door.
   636 | D:2      | Noticed Crazy Yiuf
   646 | D:2      | Killed Crazy Yiuf
   647 | D:2      | Reached skill level 5 in Shields
   811 | D:2      | Noticed Jessica
   817 | D:2      | Killed Jessica
   818 | D:2      | Reached skill level 5 in Armour
   843 | D:2      | Found a faded altar of an unknown god.
   947 | D:2      | Reached skill level 1 in Dodging
  1420 | D:3      | Found a runed translucent gate.
  1421 | D:3      | Found a runed translucent gate.
  1422 | D:3      | Found a runed translucent gate.
  1422 | D:3      | Noticed Ge0ff's ghost (amateur MfRe)
  1423 | D:3      | Noticed ArtD's ghost (amateur KoBr)
  1423 | D:3      | Noticed hattey's ghost (amateur HuWn)
  1436 | D:3      | Reached skill level 4 in Axes
  1470 | D:3      | Reached XP level 6. HP: 55/55 MP: 5/5
  1533 | D:3      | Found a stormy altar of Qazlal.
  1536 | D:3      | Became a worshipper of Qazlal Stormbringer
  1548 | D:3      | Noticed Pascal76's ghost (weakling MiFi)
  1549 | D:3      | Noticed chipmonk's ghost (amateur GrEE)
  1807 | D:3      | Noticed Robin
  1818 | D:3      | Killed Robin
  2125 | D:4      | Reached skill level 5 in Fighting
  2190 | D:4      | Reached skill level 5 in Axes
  2305 | D:4      | Found a glowing silver altar of Zin.
  2306 | D:4      | Found a shimmering blue altar of Sif Muna.
  2647 | D:4      | Found a white marble altar of Elyvilon.
  2688 | D:4      | Found an opulent altar of Gozag.
  2714 | D:4      | Reached XP level 7. HP: 33/61 MP: 6/6
  2984 | D:5      | Entered Level 5 of the Dungeon
  3171 | D:5      | Found a staircase to the Ecumenical Temple.
  3192 | D:5      | Reached skill level 6 in Axes
  3425 | D:5      | Found an iron altar of Okawaru.
  3499 | D:5      | Found an ornate altar of the Wu Jian Council.
  3965 | D:6      | Reached skill level 7 in Axes
  3980 | D:6      | Reached XP level 8. HP: 27/70 MP: 7/7
  4300 | D:6      | Reached skill level 8 in Axes
  4335 | D:6      | Reached * piety under Qazlal
  4505 | D:6      | Identified the +9 rapier of Greed {drain, rPois rN++ Str-2
                  | Dex+3}
  4517 | D:6      | Found a snail-covered altar of Cheibriados.
  5016 | D:6      | Found a runed translucent door.
  5075 | D:6      | Found a runed translucent gate.
  5075 | D:6      | Found a runed translucent gate.
  5075 | D:6      | Found a runed translucent gate.
  5075 | D:6      | Found a large runed translucent door.
  5075 | D:6      | Found a large runed translucent door.
  5120 | D:6      | Reached skill level 9 in Axes
  5324 | D:7      | Found a sacrificial altar of Ru.
  5637 | D:7      | Reached ** piety under Qazlal
  5893 | D:7      | Reached skill level 10 in Axes
  6303 | D:8      | Found a staircase to the Lair.
  6317 | D:8      | Reached XP level 9. HP: 78/78 MP: 8/8
  6879 | D:9      | Paralysed by a hornet for 2 turns
  6880 | D:9      | HP: 2/79 [vampire (6)]
  6880 | D:9      | Slain by a water moccasin

Illustrated notes

Levels and vault maps discovered:
D:1:      elethiomel_arrival_maze, layout_rooms, chequers_serial_rivers_micro_b
D:2:      layout_rooms, shapermc_ecumenical_altar_pompeii, minmay_tall_x,
          uniq_jessica, uniq_sigmund, uniq_crazy_yiuf_cottage
D:3:      layout_loops_cross, mainiacjoe_overflow_alcove_4,
          gammafunk_ghost_cemetery, reono_crystal_passage, serial_bayou_pond_d,
          corexii_shack, uniq_robin
D:4:      layout_basic, nicolae_elyvilon_temple_path, grunt_gozag_statues,
          mainiacjoe_overflow_large_starburst, kennysheep_cluttered_room
D:5:      layout_basic, pdpol_wu_jian_five_deadly_venoms,
          mainiacjoe_overflow_alcove_1, minmay_temple_entry_overgrown
D:6:      layout_basic, kennysheep_slug_shrine, lightli_church_of_beogh
D:7:      layout_basic, mainiacjoe_overflow_brackets
D:8:      layout_rooms, lair_entry_dummy
D:9:      layout_irregular_city, nicolae_dithmenos_the_darkroom

Skill      XL: |  1  2  3  4  5  6  7  8  9 |
---------------+----------------------------+-----
Fighting       | 4 5 6 7 |  7.1
Armour         | 4 5 6 |  6.0
Axes           | 3 4 5 7 10 | 10.5
Shields        | 4 5 7 |  7.5
Dodging        | 1 2 |  2.0
Throwing       | |  0.4
Stealth        | |  0.2

Action                     |  1- 3 |  4- 6 |  7- 9 || total
---------------------------+-------+-------+-------++-------
  Melee: War axe           |    29 |   123 |    98 ||   250
         Headbutt          |     3 |    18 |    27 ||    48
         Broad axe         |       |       |    88 ||    88
  Throw: Dart              |       |     4 |    32 ||    36
         Throwing net      |       |       |     1 ||     1
    Use: Scroll            |       |     9 |    16 ||    25
         Potion            |       |     1 |     5 ||     6
 Armour: Scale mail        |    20 |    92 |     7 ||   119
         Skin              |       |       |    55 ||    55
         Chain mail        |       |       |   134 ||   134
  Dodge: Dodged            |    16 |    80 |    40 ||   136
  Block: Buckler           |     7 |    18 |    10 ||    35
         Tower shield      |       |       |   162 ||   162

Table legend: (Time is in decaauts)
 A = Elapsed time spent in this place.
 B = Non-inter-level travel time spent in this place.
 C = Inter-level travel time spent in this place.
 D = Time resting spent in this place.
 E = Time spent auto-exploring this place.
 F = Levels seen in this place.
 G = Mean time per level.
                   A        B        C        D        E       F      G
               +--------+--------+--------+--------+--------+-----+--------+
         Total |   6993 |   6749 |    244 |    385 |   4801 |   9 |  777.0 |
       Dungeon |   6993 |   6749 |    244 |    385 |   4801 |   9 |  777.0 |
               +--------+--------+--------+--------+--------+-----+--------+

Top non-repeatable levels by time:
     D:6: 1211 daAuts
     D:5: 1192 daAuts
     D:7: 961 daAuts
     D:4: 930 daAuts
     D:3: 816 daAuts
     D:2: 759 daAuts
     D:8: 543 daAuts
     D:1: 530 daAuts
     D:9: 48 daAuts
